 Dungeon Crawl Stone Soup version 0.18-a0-1551-g40744a8 (webtiles) character file.

2926 mrath the Inventor (level 9, -8/68 (69) HPs)
             Began as a Demonspawn Artificer on Mar 12, 2016.
             Was a Priest of Pakellas.
             Mangled by an orc warrior
             ... wielding a +0 war axe
              (16 damage)
             ... on level 7 of the Dungeon.
             The game lasted 01:02:06 (9062 turns).

mrath the Inventor (Demonspawn Artificer)           Turns: 9062, Time: 01:02:06

HP:   -8/68 (69)    AC: 11    Str: 17    XL:     9   Next: 50%
MP:   13/13         EV:  9    Int: 15    God:    Pakellas [***...]
Gold: 367           SH:  0    Dex: 15    Spells: 0 memorised, 8 levels left

rFire  . . .     SeeInvis .     j - +3 short sword (venom)
rCold  . . .     Gourm    .     J - +2 robe {rN+}
rNeg   + . .     Faith    .     (no shield)
rPois  .         Spirit   .     (helmet restricted)
rElec  .         Dismiss  .     v - +2 cloak
rCorr  +         Reflect  .     (no gloves)
SustAt .         Harm     .     p - +0 pair of boots
MR     .....                    (no amulet)
Stlth  ++........               V - ring of resist corrosion
                                s - ring of flight

@: mighty, not resistant to hostile enchantments, unstealthy
A: antennae 1, molten scales 2, demonic guardian 1, powered by pain 1
a: Quick Charge, Device Surge, Renounce Religion, Evoke Flight


You were on level 7 of the Dungeon.
You worshipped Pakellas.
Pakellas was most pleased with you.
You were not hungry.

You visited 1 branch of the dungeon, and saw 8 of its levels.

You collected 367 gold pieces.

Inventory:

Hand Weapons
 b - a +0 blowgun
 j - a +3 short sword of venom (weapon)
 y - a +1 short sword of venom
 z - a +3 spear
 C - a +2 dagger of flaming
 D - a +0 morningstar
 I - a +3 spear
 O - a +0 hunting sling
 P - a +2 dagger of protection
Missiles
 l - 193 stones (quivered)
 A - 14 exploding sling bullets
 H - 30 sling bullets
 U - 49 poisoned needles
Armour
 p - a +0 pair of boots (worn)
 v - a +2 cloak (worn)
 J - a +2 robe of positive energy (worn)
 M - the +2 ring mail "Kuivoh" {rN+}
   (You found it on level 4 of the Dungeon)

   It protects you from negative energy.
Jewellery
 s - a ring of flight (left hand)
 V - a ring of resist corrosion (right hand)
Wands
 c - a wand of flame (28/48)
 d - a wand of enslavement (14/24)
 e - a wand of random effects (12/48)
 n - a wand of slowing (20/48)
 r - a wand of iceblast (8/15)
 E - a wand of polymorph (14/24)
 R - a wand of teleportation (2/9)
 T - a wand of acid (10/15)
Scrolls
 i - a scroll of random uselessness {unknown}
 k - 4 scrolls of recharging
 o - a scroll of fear {unknown}
 t - 2 scrolls of teleportation
 w - a scroll of identify
 F - a scroll of amnesia {unknown}
 Q - a scroll of immolation {unknown}
Potions
 g - 2 potions of heal wounds {unknown}
 h - 3 potions of might
 m - a potion of berserk rage {unknown}
 q - 5 potions of curing
 u - 3 potions of lignification {unknown}
 K - 4 potions of degeneration {unknown}
 L - a potion of mutation {unknown}
 N - a potion of cure mutation {unknown}
 S - 2 potions of magic {unknown}
Comestibles
 a - a beef jerky
 f - 2 bread rations
 x - 4 slices of pizza
 B - 3 fruits
 G - 4 meat rations
 W - a chunk of flesh


   Skills:
 + Level 5.8 Fighting
 + Level 5.5 Short Blades
 + Level 4.9 Armour
 + Level 5.4 Dodging
 + Level 2.5 Stealth
 + Level 6.6 Evocations


You had 8 spell levels left.
You didn't know any spells.

Dungeon Overview and Level Annotations

Branches:
Dungeon (8/15)             Temple (0/1) D:7
   Lair: D:8-11

Altars:
Gozag
Nemelex Xobeh
Pakellas
Qazlal
Sif Muna
Xom
Yredelemnul
Zin

Shops:
D:4 %   D:7 *

Annotations:
D:2 Sigmund
D:3 Grinder
D:5 Edmund
D:8 tasslehoff34's ghost, novice MiBe


Innate Abilities, Weirdness & Mutations

You have a pair of small antennae on your head.
You are mostly covered in molten scales (AC +3, EV -1).
A weak demonic guardian rushes to your aid.
You sometimes gain a little power by taking damage.


Message History

You continue eating. x2
The orc warrior is no longer charmed.
The orc warrior closely misses you.
You hit the orc warrior.
The orc warrior is poisoned.
The orc warrior is lightly wounded.
You hit the orc warrior.
The orc warrior is moderately wounded.
The orc warrior hits you with a war axe!
* * * LOW HITPOINT WARNING * * *
You focus on the pain.
You feel very mighty all of a sudden.
You hit the orc warrior but do no damage.
The orc warrior looks even sicker.
The orc warrior is moderately wounded.
The orc warrior hits you with a war axe!
* * * LOW HITPOINT WARNING * * *
The orc warrior hits your white imp with a war axe!
Your white imp dies!
The orc warrior hits you with a war axe!
You die...
Pakellas says: Good help is so hard to find these days!

#.....# #.....#
#.....# #.##..# #
#.###.# ## #.# #.#
##. ##########.#
#..
#..))...##.######.#
#.@o#.>.##.#....#.#
#...[...##.#......#
##########.#.......
#........#.#####...
#........#.# ##.##
#........#)####..#
#...............###
#........#.###.....
#..).(...#.###.####


You could see an orc warrior.

Vanquished Creatures
  A hippogriff (D:5)
  Duvessa (D:7)
  An orc warrior (D:6)
  4 sky beasts
  2 ice beasts (D:8)
  4 ogres
  2 centaurs
  A necrophage (D:8)
  A big kobold (D:8)
  Dowan (D:7)
  A scorpion (D:5)
  4 howler monkeys (D:8)
  A crimson imp (D:5)
  A centaur zombie (D:5)
  2 hounds (D:8)
  4 jellies
  2 orc wizards (D:6)
  2 giant frog skeletons
  Natasha (D:4)
  An iguana (D:5)
  9 worker ants
  A hound zombie (D:5)
  7 adders
  A howler monkey skeleton (D:8)
  An ooze (D:3)
  2 worms
  2 adder skeletons
  2 dart slugs
  5 giant geckos
  9 orcs
  3 giant cockroaches
  2 goblins
  6 hobgoblins
  12 jackals
  4 quokkas
  5 ball pythons
  3 bats
  A giant gecko skeleton (D:6)
  A giant gecko zombie (D:8)
  3 giant newts
  12 kobolds
  4 rats
132 creatures vanquished.

Vanquished Creatures (collateral kills)
  A sky beast (D:7)
  A black bear (D:8)
  2 ogres
  A centaur (D:7)
  A wyvern zombie (D:6)
  2 orc priests (D:7)
  Natasha (twice) (D:4)
  2 worker ants
  A goblin (D:2)
  2 kobolds
  A quokka (D:8)
16 creatures vanquished.

Grand Total: 148 creatures vanquished

Notes
Turn   | Place    | Note
--------------------------------------------------------------
     0 | D:1      | mrath the Demonspawn Artificer began the quest for the Orb.
     0 | D:1      | Reached XP level 1. HP: 15/15 MP: 3/3
    42 | D:1      | Reached skill level 1 in Short Blades
   138 | D:1      | Reached skill level 1 in Stealth
   555 | D:1      | Gained mutation: A weak demonic guardian rushes to your aid. [demonic ancestry]
   555 | D:1      | Reached XP level 2. HP: 8/21 MP: 4/4
  1535 | D:2      | Reached XP level 3. HP: 21/26 MP: 5/5
  1845 | D:2      | Noticed Sigmund
  2259 | D:3      | Found an opulent altar of Gozag.
  2273 | D:3      | Reached skill level 1 in Armour
  2358 | D:3      | Reached XP level 4. HP: 29/33 MP: 6/6
  2436 | D:3      | Found a faded altar to an unknown god.
  2708 | D:3      | Noticed Grinder
  3151 | D:4      | Noticed Natasha
  3158 | D:4      | Killed Natasha
  3158 | D:4      | Gained mutation: You sometimes gain a little power by taking damage. [demonic ancestry]
  3158 | D:4      | Reached XP level 5. HP: 31/38 MP: 7/7
  3225 | D:4      | Found Zeydenyj's Food Emporium.
  3257 | D:4      | Found a glowing silver altar of Zin.
  3257 | D:4      | Found a shimmering altar of Xom.
  3258 | D:4      | Noticed an angel
  3274 | D:4      | Noticed Natasha
  3286 | D:4      | Killed Natasha
  3469 | D:4      | Found an oddly glowing altar of Pakellas.
  3474 | D:4      | Became a worshipper of Pakellas the Inventive
  3485 | D:4      | Got an ichor-stained ring mail
  3496 | D:4      | Identified the +2 ring mail "Kuivoh" {rN+} (You found it on level 4 of the Dungeon)
  3927 | D:4      | Reached skill level 4 in Evocations
  3967 | D:4      | Noticed Natasha
  3988 | D:4      | Killed Natasha
  4177 | D:4      | Found a stormy altar of Qazlal.
  4372 | D:5      | Entered Level 5 of the Dungeon
  4445 | D:5      | Reached XP level 6. HP: 34/46 MP: 9/9
  4648 | D:5      | Noticed Edmund
  5478 | D:5      | Gained mutation: You are partially covered in molten scales (AC +1). [demonic ancestry]
  5478 | D:5      | Reached XP level 7. HP: 28/52 MP: 10/10
  5627 | D:5      | Noticed a hippogriff
  5647 | D:5      | Killed a hippogriff
  5652 | D:5      | Reached * piety under Pakellas
  5782 | D:5      | Found a sparkling altar of Nemelex Xobeh.
  6364 | D:6      | Reached skill level 5 in Evocations
  6381 | D:6      | Found a deep blue altar of Sif Muna.
  6433 | D:6      | Gained mutation: You have a pair of small antennae on your head. [demonic ancestry]
  6433 | D:6      | Reached XP level 8. HP: 51/60 MP: 11/11
  7004 | D:7      | Found Lauffov's General Store.
  7141 | D:7      | Noticed Duvessa
  7142 | D:7      | Noticed Dowan
  7155 | D:7      | Killed Duvessa
  7163 | D:7      | Killed Dowan
  7284 | D:7      | Reached ** piety under Pakellas
  7284 | D:7      | Received a gift from Pakellas
  7320 | D:7      | Reached skill level 5 in Fighting
  7701 | D:7      | Found a basalt altar of Yredelemnul.
  7753 | D:7      | Reached skill level 5 in Short Blades
  7830 | D:7      | Found a staircase to the Ecumenical Temple.
  7938 | D:8      | Gained mutation: You are mostly covered in molten scales (AC +3, EV -1). [demonic ancestry]
  7938 | D:8      | Reached XP level 9. HP: 68/68 MP: 13/13
  7942 | D:8      | Reached skill level 6 in Evocations
  7947 | D:8      | Reached skill level 5 in Dodging
  8719 | D:8      | Noticed tasslehoff34's ghost (novice MiBe)
  8975 | D:8      | Reached *** piety under Pakellas
  9062 | D:7      | Mangled by an orc warrior

Vault maps used:
D:1:      ncdulo_watergridlock, kennysheep_nondescript, st_stairs_2,
          hangedman_abyss_or_decor_lesser_grid
D:2:      first_bread, minivault_14, uniq_sigmund
D:3:      lemuel_crystal_altar, gammafunk_temple_overflow_elements,
          amethyst_overflow_temple_binary, ecumenical_altar_2, uniq_grinder
D:4:      grunt_temple_overflow_order_and_chaos_1, old_standard_altar,
          lemuel_round_altar, serial_shops, shop, uniq_natasha
D:5:      overflow_temple_1_default, uniq_edmund
D:6:      led_sif_book
D:7:      lemuel_round_altar, minmay_temple_entry_from_below_a, serial_shops,
          shop, uniq_duvessa

Skill      XL: |  1  2  3  4  5  6  7  8  9 |
---------------+----------------------------+-----
Short Blades   | 1 2 3 5 |  5.5
Stealth        | 1 2 |  2.5
Dodging        | 2 3 4 5 |  5.4
Armour         | 1 2 3 4 |  4.9
Fighting       | 2 3 4 5 |  5.8
Evocations     | 4 5 6 |  6.6

Action                   |  1- 3 |  4- 6 |  7- 9 || total
-------------------------+-------+-------+-------++-------
Melee: Short sword       |   160 |   204 |   264 ||   628
       Dagger            |       |       |    13 ||    13
       Morningstar       |       |       |     9 ||     9
 Fire: Hunting sling     |       |     4 |    50 ||    54
       Blowgun           |       |       |     3 ||     3
Throw: Stone             |       |       |     1 ||     1
Evoke: Wand              |     6 |     3 |     5 ||    14
  Use: Scroll            |       |     6 |     2 ||     8
 Stab: Distracted        |     1 |     2 |     1 ||     4
       Sleeping          |       |       |     2 ||     2
  Eat: Chunk             |     5 |     6 |    12 ||    23
       Beef jerky        |       |     1 |       ||     1
       Royal jelly       |       |     1 |       ||     1
